Map: Terrasses de Prion

Players

zidar - Winner!

  • Race: Zerg Zerg
  • League: Silver
  • Spawn Location: 5:00

Tuliusz

  • Race: Protoss Protoss
  • Spawn Location: 11:00

VOD

Have the link to the VOD?

Description

Time

  • Played on: Feb. 9, 2016, 11:49 a.m.
  • Length: 8:09
Show
View Real Time Build Order
Export as new Build Order

zidar Zerg - Winner!

Build Orders: Hatch First 

Get SALT Encoding   

  12  0:01  Drone  
  13  0:12  Overlord  
  13  0:18  Drone  
  14  0:30  Drone x2  
  14  0:34  Drone  
  17  0:55  Hatchery  
  17  0:56  Drone  
  18  1:09  Spawning Pool  
  17  1:17  Hatchery  
  16  1:22  Extractor, Drone  
  16  1:25  Drone  
  17  1:40  Drone  
  18  1:51  Overlord  
  18  2:06  Zergling x2  
  18  2:07  Zergling x4  
  20  2:19  Zergling x2  
  21  2:24  Queen  
  21  2:28  Queen  
  25  2:34  Roach Warren, Zergling x2  
  25  2:35  Zergling x2  
  27  2:44  Zergling x4  
  27  2:48  Metabolic Boost  
  28  3:08  Zergling x8  
  32  3:27  Roach  
  32  3:28  Roach  
  32  3:31  Overlord  
  32  3:34  Overlord  
  36  3:52  Spine Crawler  
  37  3:55  Roach  
  37  3:56  Roach  
  37  3:59  Roach  
  41  4:23  Ravager  
  41  4:24  Ravager  
  43  4:28  Zergling x2  
  43  4:29  Zergling x8  
  43  4:30  Zergling x2  
  49  4:44  Drone x3  
  51  5:21  Overlord  
  51  5:22  Overlord x2  
  32  5:53  Zergling x2  
  32  5:54  Zergling x22  
  29  6:26  Zergling x8  
  33  6:35  Queen  
  33  6:38  Roach  
  33  6:39  Roach x3  
  38  7:07  Zergling x14  
  42  7:42  Roach  
  42  7:43  Roach x7  
  58  7:53  Drone  
Show
View Real Time Build Order
Export as new Build Order

Tuliusz Protoss 

Build Orders:  

Get SALT Encoding   

  12  0:01  Probe (Chrono Boost)  
  13  0:12  Probe (Chrono Boost)  
  14  0:20  Pylon  
  14  0:23  Probe (Chrono Boost)  
  15  0:42  Gateway  
  15  0:45  Gateway  
  15  0:53  Assimilator  
  15  1:10  Gateway  
  15  1:41  Cybernetics Core  
  15  1:47  Pylon  
  15  2:12  Zealot x3  
  21  2:16  Gateway  
  21  2:20  Warp Gate (Chrono Boost)  
  21  2:40  Adept  
  21  2:41  Adept  
  27  2:48  Stalker  
  27  2:56  Mothership Core  
  29  3:14  Stalker  
  29  3:19  Pylon  
  31  3:23  Pylon  
  31  3:41  Stalker  
  32  4:18  Stalker x2  
  32  4:20  Zealot  
  38  4:25  Zealot  
  40  4:43  Stalker  
  42  4:51  Stalker  
  44  4:58  Zealot  
  46  5:28  Pylon  
  46  5:29  Pylon  
  24  6:02  Stalker x3  
  24  6:03  Pylon  
  15  6:34  Zealot x4  
  17  6:59  Zealot x2  
  15  7:14  Zealot  
  15  7:15  Zealot  
  15  7:29  Zealot  
  17  7:41  Zealot  
  17  7:42  Sentry  
  21  7:58  Stalker  
Tags
 
Add a new tag
Caveats
  • Supply blocks, unpowered buildings, or Contaminate may cause inaccurate times.
  • Supply counts are checked every 10 seconds.